 Seeded DCSS version 0.29-a0-723-gce39da1c22 (webtiles) character file.

Game seed: 17940436955413480726 (custom seed)

64 Gutss the Covered (level 3, 33/33 HPs)
             Began as a Minotaur Fighter on June 28, 2022.
             Got out of the dungeon alive.
             The game lasted 00:03:57 (1777 turns).

Gutss the Covered (Minotaur Fighter)                Turns: 1777, Time: 00:03:57

Health: 33/33      AC: 10    Str: 22    XL:     3   Next: 91%
Magic:  2/2        EV:  7    Int:  5    God:
Gold:   92         SH:  4    Dex:  9    Spells: 2/2 levels left

rFire   . . .      SeeInvis .   a - +1 trident
rCold   . . .      Faith    .   c - +0 buckler
rNeg    . . .      Spirit   .   i - +0 chain mail
rPois   .          Reflect  .   (helmet restricted)
rElec   .          Harm     .   r - +0 cloak
rCorr   .          Rampage  .   (no gloves)
Will    .....                   (no boots)
Stlth   ..........              s - amulet of magic regeneration
HPRegen 0.11/turn               (no ring)
MPRegen 0.48/turn               (no ring)

@: no status effects
A: horns 2, retaliatory headbutt
a: no special abilities


You escaped.
You visited 1 branch of the dungeon, and saw 3 of its levels.

You collected 92 gold pieces.

Inventory:

Hand Weapons
 a - a +1 trident (weapon)
Missiles
 k - a throwing net (quivered)
Armour
 c - a +0 buckler (worn)
 i - a +0 chain mail (worn)
 r - a +0 cloak (worn)
Jewellery
 s - an amulet of magic regeneration (around neck)
Scrolls
 e - a scroll of teleportation {unknown}
 f - a scroll of summoning {unknown}
 g - 2 scrolls of enchant weapon
 j - 2 scrolls of enchant armour {unknown}
 m - a scroll of torment {unknown}
 n - 2 scrolls of fear {unknown}
 q - a scroll of blinking {unknown}
Potions
 b - a potion of mutation {unknown}
 d - a potion of might
 h - 2 potions of flight {unknown}
 l - 2 potions of curing {unknown}
 o - a potion of attraction {unknown}
 p - a potion of lignification {unknown}


   Skills:
 + Level 4.2 Fighting
 + Level 3.4 Polearms
 + Level 4.5 Armour
 - Level 4.0 Shields


You had 2 spell levels left.
You didn't know any spells.
Your spell library contained the following spells:

 Spells                   Type           Power      Damage    Failure   Level
 Conjure Flame            Conj/Fire      0%         6-21      100%        3
 Ignite Poison            Fire/Tmut/Pois 0%         N/A       100%        3
 Sticky Flame             Conj/Fire      0%         2d3       100%        4


Dungeon Overview and Level Annotations

Branches:
Dungeon (3/15)

Altars:
Uskayaw

Annotations:
D:3 1 runed translucent door, ytrimaz's ghost, amateur DsFi


Innate Abilities, Weirdness & Mutations

You have a pair of horns on your head.
You reflexively headbutt those who attack you in melee.


Message History

Your +0 trident glows red for a moment.
You now have 78 gold pieces (gained 8).
Found a stone staircase leading down.
There is a stone staircase leading down here.
You now have 85 gold pieces (gained 7).
Ytrimaz's ghost turns its malevolent gaze towards you.
Ytrimaz's ghost wails, "You will join me soon!"
Key pressed, stopping explore.
You now have 92 gold pieces (gained 7).
Found a long sword.
Could not explore, unopened runed door.
Could not explore, unopened runed door.
Could not explore, unopened runed door.
Could not explore, unopened runed door.
Could not explore, unopened runed door.
Could not explore, unopened runed door.
Throw: throwing net
Press: ? - help, Q - select action Shift-Dir - straight line, f - you
Okay, then.
Unknown command.
Unknown command.
Unknown command.
Search for what [? for help]? tri Unknown command.
Unknown command.
(D) Dungeon
Where to? (Enter - D:3, ? - help)
What level of the Dungeon? (default 1, ? - help) Ytrimaz's ghost whispers, "They're coming for you..."
There is a stone staircase leading up here.
You climb upwards.
There is a stone staircase leading down here.
There is a stone staircase leading up here.
You climb upwards.
There is a stone staircase leading down here.
There is a staircase leading out of the dungeon here.
Are you sure you want to leave the Dungeon?
This will make you lose the game! [Y]es or [N]o only, please.
Are you sure you want to leave the Dungeon?
This will make you lose the game!
You have escaped!

.##.###.##.# #.#.######
.##..#..##.# #.......).
........##.# ###.######
....######.# ##.## ..### #.#
##...## .##
###############.....## ..#
#.............#......# >.#
#.............#.....##
..########......@......##...##
.........#.............###..#
..########.............# ##.#
..##### ######.#.###### #.#
......####### #...# #.#
...#........###.#.# #.#
.............##...##### #.#
### ..#.#######...#.#.#...#
##.# #.. .##.#
##.##...###.####..# #.#


There were no monsters in sight!

Vanquished Creatures
  2 adders
  3 dart slugs
  2 ball pythons
  5 bats
  3 endoplasms
  A giant cockroach (D:1)
  3 goblins
  5 hobgoblins
  3 kobolds (D:1)
  4 quokkas
  A frilled lizard (D:1)
  A rat (D:3)
33 creatures vanquished.

Notes
Turn   | Place    | Note
-------+----------+-------------------------------------------
     0 | D:1      | Gutss the Minotaur Fighter began the quest for the Orb.
     0 | D:1      | Reached XP level 1. HP: 19/19 MP: 0/0
   141 | D:1      | Reached XP level 2. HP: 27/27 MP: 1/1
   455 | D:1      | Found a faded altar of an unknown god.
   676 | D:1      | Reached XP level 3. HP: 33/33 MP: 2/2
  1333 | D:3      | Noticed ytrimaz's ghost (amateur DsFi)
  1336 | D:3      | Found a runed translucent door.
  1382 | D:3      | Found a hide-covered altar of Uskayaw.
  1382 | D:3      | Noticed a +0 dagger
  1382 | D:3      | Noticed a +0 short sword
  1382 | D:3      | Noticed a +0 falchion
  1383 | D:3      | Noticed a +0 spear
  1384 | D:3      | Noticed a +0 falchion
  1384 | D:3      | Noticed a +0 dagger
  1385 | D:3      | Noticed a +0 short sword
  1386 | D:3      | Noticed a +0 spear
  1777 | D:$      | Got out of the dungeon alive.

Illustrated notes

Levels and vault maps discovered:
D:1:      lemuel_arrival_hallway, layout_loops_ring,
          ebering_ecumenical_altar_mist, serial_park_tiny_pond,
          columned_hall_lemuel
D:2:      layout_basic
D:3:      layout_loops_cross, nicolae_uskayaw_en_pointe,
          hellmonk_ghost_happy_afterlife

Skill      XL: |  1  2  3 |
---------------+----------+-----
Fighting       | 4 |  4.2
Armour         | 4 |  4.5
Shields        | 4 |  4.0
Polearms       | 3 |  3.4

Action                   || total
-------------------------++-------
Melee: Trident           ||    85
       Headbutt          ||    11
  Use: Scroll            ||     1
Armor: Scale mail        ||    11
       Chain mail        ||    17
Dodge: Dodged            ||    26
Block: Buckler           ||     8

Table legend: (Time is in decaauts)
 A = Elapsed time spent in this place.
 B = Non-inter-level travel time spent in this place.
 C = Inter-level travel time spent in this place.
 D = Time resting spent in this place.
 E = Time spent auto-exploring this place.
 F = Levels seen in this place.
 G = Mean time per level.
                   A        B        C        D        E       F      G
               +--------+--------+--------+--------+--------+-----+--------+
         Total |   1794 |   1651 |    143 |      0 |   1396 |   3 |  598.0 |
       Dungeon |   1794 |   1651 |    143 |      0 |   1396 |   3 |  598.0 |
               +--------+--------+--------+--------+--------+-----+--------+

Top non-repeatable levels by time:
     D:1: 784 daAuts
     D:3: 620 daAuts
     D:2: 389 daAuts
